 Dungeon Crawl Stone Soup version 0.20.1-1-g8b1a95d66d (webtiles) character file.

2802 Dracia the Archer (level 9, -1/79 HPs)
             Began as a Centaur Hunter on Nov 27, 2017.
             Was a Priest of Okawaru.
             Slain by Dracia's ghost (4 damage)
             ... on level 7 of the Dungeon.
             The game lasted 00:16:15 (8985 turns).

Dracia the Archer (Centaur Hunter)                  Turns: 8985, Time: 00:16:16

Health: -1/79      AC:  7    Str: 14    XL:     9   Next: 44%
Magic:  9/9        EV: 15    Int: 10    God:    Okawaru [***...]
Gold:   363        SH:  0    Dex: 16    Spells: 7/8 levels left

rFire    + . .     SeeInvis .   C - +11 mace of Uklob {freeze, rF+ Dex+2 Stlth+}
rCold    . . .     Gourm    .   (no shield)
rNeg     . . .     Faith    .   c - +0 leather armour
rPois    .         Spirit   .   l - +2 hat
rElec    .         Reflect  .   D - +0 cloak
rCorr    .         Harm     .   (no gloves)
MR       +....                  (no barding)
Stlth    ++........             (no amulet)
Regen    0.3/turn               p - ring of protection from magic
MPRegen  0.2/turn               d - +5 ring of evasion

@: very quick
A: hooves 3, deformed body, speed 2, tough skin 3
a: Heroism, Renounce Religion


You were on level 7 of the Dungeon.
You worshipped Okawaru.
Okawaru was most pleased with you.
You were not hungry.

You visited 2 branches of the dungeon, and saw 8 of its levels.

You collected 363 gold pieces.


Innate Abilities, Weirdness & Mutations

You have hooves in place of feet.
Armour fits poorly on your strangely shaped body.
You cover ground very quickly.
You have extremely tough skin. (AC +3)


   Skills:
 - Level 7.0 Fighting
 - Level 14.3 Bows
 + Level 2.4 Dodging
 - Level 0.4 Stealth


You had 7 spell levels left.
You knew the following spells:

 Your Spells              Type           Power        Failure   Level  Hunger
a - Corona                Hex            #......      43%         1    ##.....

Inventory:

Hand Weapons
 a - a +1 shortbow
 b - a +0 short sword
 h - a +1 dagger of venom
 C - the +11 mace of Uklob (weapon) {freeze, rF+ Dex+2 Stlth+}
   (You found it on level 5 of the Dungeon)

   It has been specially enchanted to freeze those struck by it, causing extra
   injury to most foes and up to half again as much damage against particularly
   susceptible opponents.
   It can also slow down cold-blooded creatures.
   It affects your dexterity (+2).
   It protects you from fire.
   It makes you more stealthy.
Missiles
 B - 52 arrows
Armour
 c - a +0 leather armour (worn)
 l - a +2 hat (worn)
 D - a +0 cloak (worn)
 I - a +0 robe
Magical Staves
 s - an uncursed staff of summoning {unknown}
 y - an uncursed staff of earth {unknown}
Jewellery
 d - a +5 ring of evasion (right hand)
 p - a ring of protection from magic (left hand)
Wands
 o - a wand of paralysis (14/24)
 v - a wand of polymorph (6/24)
 A - a wand of disintegration (5/24)
Scrolls
 e - 2 scrolls of teleportation
 i - 7 scrolls of identify
 m - a scroll of recharging
 t - a scroll of immolation {!r}
 G - a scroll of random uselessness {unknown}
Potions
 k - a potion of might {unknown}
 q - a potion of cancellation
 r - a potion of ambrosia {unknown}
 w - a potion of heal wounds {unknown}
 x - a potion of brilliance {unknown}
 E - a potion of magic {unknown}
 F - a potion of lignification {unknown}
Books
 u - a book of Maledictions

   Spells                             Type                      Level
   a - Corona                         Hexes                        1
   b - Ensorcelled Hibernation        Hexes/Ice                    2
   c - Confuse                        Hexes                        3
   d - Tukima's Dance                 Hexes                        3
   e - Dazzling Spray                 Conjuration/Hexes            3
Comestibles
 f - 4 bread rations
 j - 13 fruits
 n - 3 royal jellies
 z - a meat ration
 H - 3 chunks of flesh {@*1}

Dungeon Overview and Level Annotations

Branches:
Dungeon (7/15)             Temple (1/1) D:4

Altars:
Ashenzari
Dithmenos
Elyvilon
Fedhas
Gozag
Hepliaklqana
Kikubaaqudgha
Okawaru
Qazlal
Sif Muna
Uskayaw
Xom

Shops:
D:6 (

Annotations:
D:7 Dracia's ghost, novice GrFi

##............#
..............#
######....../..# .
##..............#####..#
###............W..........
#####........########.........
.............# #.........
.............########.........
....###........Wc†............
.....<..............#.£?......
....##.......######...........
.#####.......# ##.#........ .#
#..........# #£#........ ##
#(.........# .. ... .#
#...........# #.. .. .#
#.........#.# ... .#
#.........#..


You could see Dracia's ghost.


Message History

You hit Dracia's ghost but do no damage.
You kick Dracia's ghost, but do no damage.
Dracia's ghost is almost destroyed.
Dracia's ghost barely misses you.
You hit Dracia's ghost. You freeze Dracia's ghost.
You kick Dracia's ghost, but do no damage.
Dracia's ghost is almost destroyed.
Dracia's ghost hits you.
* * * LOW HITPOINT WARNING * * *
Dracia's ghost freezes you.
* * * LOW HITPOINT WARNING * * *
Dracia's ghost closely misses you.
You hit Dracia's ghost but do no damage.
Dracia's ghost is almost destroyed.
Dracia's ghost hits you!
* * * LOW HITPOINT WARNING * * *
Dracia's ghost freezes you.
* * * LOW HITPOINT WARNING * * *
Unknown command.
You hit Dracia's ghost but do no damage.
Dracia's ghost is almost destroyed.
Dracia's ghost hits you but does no damage.
Dracia's ghost hits you!
* * * LOW HITPOINT WARNING * * *
Dracia's ghost freezes you.
* * * LOW HITPOINT WARNING * * *
Unknown command.
It was a potion of cancellation.
You feel magically purged. Dracia's ghost hits you.
You die...

Action                   |  1- 3 |  4- 6 |  7- 9 || total
-------------------------+-------+-------+-------++-------
Melee: Short sword       |    80 |    79 |    48 ||   207
       Kick              |    15 |    10 |    54 ||    79
       Dagger            |       |       |    16 ||    16
       Unarmed           |       |       |     4 ||     4
       Mace              |       |       |   139 ||   139
 Fire: Shortbow          |    66 |   107 |    69 ||   242
  Use: Scroll            |     2 |       |     7 ||     9
       Potion            |       |       |     3 ||     3
 Stab: Distracted        |       |       |     1 ||     1
       Sleeping          |       |       |     3 ||     3
  Eat: Chunk             |     1 |     5 |    14 ||    20
       Fruit             |       |     1 |       ||     1
Armor: Leather armour    |    43 |    40 |    50 ||   133
Dodge: Dodged            |    56 |    44 |   157 ||   257

Vault maps used:
D:1:      minmay_arrival_plants_in_alcoves, hex_large, minmay_cut_off
D:2:      first_bread, kennysheep_generic_room_4, uniq_sigmund, uniq_jessica
D:4:      nicolae_qazlal_style_of_elements, temple_pool_b, uniq_natasha
D:5:      xom_teletrap_fun, cheibrodos_ashenzari_chains, uniq_duvessa,
          uniq_prince_ribbit1, uniq_eustachio, uniq_edmund, uniq_pikel,
          uniq_menkaure, uniq_crazy_yiuf_cottage, uniq_ijyb
D:6:      serial_shops, nicolae_shop_overgrown_old_shop
D:7:      elyvilon_altar_5
Temple:   dpeg_chambers_temple

Notes
Turn   | Place    | Note
-------+----------+-------------------------------------------
     0 | D:1      | Dracia the Centaur Hunter began the quest for the Orb.
     0 | D:1      | Reached XP level 1. HP: 17/17 MP: 1/1
   143 | D:1      | Reached skill level 6 in Bows
   143 | D:1      | Reached XP level 2. HP: 19/24 MP: 2/2
   751 | D:1      | Reached XP level 3. HP: 29/29 MP: 3/3
  1137 | D:2      | Noticed Sigmund
  1250 | D:2      | Reached skill level 7 in Bows
  1599 | D:2      | Killed Sigmund
  1599 | D:2      | Reached skill level 9 in Bows
  1599 | D:2      | Reached XP level 4. HP: 27/36 MP: 4/4
  1599 | D:2      | Reached XP level 5. HP: 31/41 MP: 5/5
  1805 | D:2      | Noticed Jessica
  1808 | D:2      | Killed Jessica
  2165 | D:3      | Reached XP level 6. HP: 48/48 MP: 6/6
  3285 | D:4      | Reached skill level 10 in Bows
  3352 | D:4      | Learned a level 1 spell: Corona
  3471 | D:4      | Found a staircase to the Ecumenical Temple.
  3548 | D:4      | Noticed Natasha
  3559 | D:4      | Killed Natasha
  3593 | D:4      | Noticed Natasha
  3606 | D:4      | Killed Natasha
  3606 | D:4      | Reached XP level 7. HP: 20/55 MP: 7/7
  3720 | D:4      | Noticed Natasha
  3723 | D:4      | Killed Natasha
  3723 | D:4      | Reached skill level 11 in Bows
  3952 | Temple   | Entered the Ecumenical Temple
  4011 | Temple   | Became a worshipper of Warmaster Okawaru
  4155 | D:4      | Found a stormy altar of Qazlal.
  4157 | D:4      | Noticed an air elemental
  4158 | D:4      | Noticed a fire elemental
  4158 | D:4      | Noticed a water elemental
  4974 | D:5      | Entered Level 5 of the Dungeon
  4974 | D:5      | Found a shimmering altar of Xom.
  4974 | D:5      | Noticed Ijyb
  5024 | D:5      | Killed Ijyb
  5378 | D:5      | Found a shattered altar of Ashenzari.
  5392 | D:5      | Noticed Dowan
  5394 | D:5      | Noticed Duvessa
  5408 | D:5      | Killed Dowan
  5531 | D:5      | Killed Duvessa
  5531 | D:5      | Reached skill level 12 in Bows
  5749 | D:5      | Found a runed door.
  5787 | D:5      | Noticed Edmund
  5809 | D:5      | Killed Edmund
  5809 | D:5      | Reached * piety under Okawaru
  5809 | D:5      | Reached XP level 8. HP: 54/61 MP: 8/8
  5896 | D:5      | Got a fine mace
  5897 | D:5      | Identified the +11 mace of Uklob {freeze, rF+ Dex+2 Stlth+} (You found it on level 5 of the Dungeon)
  5904 | D:5      | Noticed Crazy Yiuf
  5908 | D:5      | Killed Crazy Yiuf
  6001 | D:5      | Reached skill level 13 in Bows
  6056 | D:5      | Noticed Pikel
  6069 | D:5      | Killed Pikel
  6069 | D:5      | Reached skill level 14 in Bows
  6095 | D:5      | Killed Prince Ribbit
  6460 | D:5      | Noticed Menkaure
  6462 | D:5      | Noticed Eustachio
  6463 | D:5      | Killed Menkaure
  6463 | D:5      | Reached skill level 3 in Fighting
  6485 | D:5      | Killed Eustachio
  6485 | D:5      | Reached ** piety under Okawaru
  6485 | D:5      | Reached skill level 4 in Fighting
  6949 | D:6      | Reached XP level 9. HP: 52/73 MP: 9/9
  7238 | D:6      | Reached skill level 5 in Fighting
  7707 | D:6      | Reached skill level 6 in Fighting
  7819 | D:6      | Found Zexij's Antique Weapon Emporium.
  8283 | D:6      | Reached skill level 7 in Fighting
  8795 | D:7      | Reached skill level 2 in Dodging
  8802 | D:7      | Found a white marble altar of Elyvilon.
  8816 | D:7      | Reached *** piety under Okawaru
  8937 | D:7      | Noticed Dracia's ghost (novice GrFi)
  8984 | D:7      | HP: 7/79 [Dracia's ghost (9)]
  8984 | D:7      | HP: 3/79 [Dracia's ghost (4)]
  8985 | D:7      | Slain by Dracia's ghost

Vanquished Creatures
  Pikel (D:5)
  Sigmund (D:2)
  Eustachio (D:5)
  Menkaure (D:5)
  Edmund (D:5)
  Duvessa (D:5)
  An orc warrior (D:6)
  An ice beast (D:6)
  A sky beast (D:6)
  A slave (D:5)
  2 ogres
  2 centaurs
  A wyvern zombie (D:6)
  2 scorpions
  Dowan (D:5)
  A howler monkey (D:4)
  A crimson imp (D:6)
  A bullfrog zombie (D:5)
  An orc priest (D:6)
  4 jellies
  Crazy Yiuf (D:5)
  A hound (D:7)
  Jessica (D:2)
  Natasha (thrice) (D:4)
  Ijyb (D:5)
  4 iguanas
  2 orc wizards
  3 worker ants
  11 adders
  An ooze (D:1)
  5 worms
  2 dart slugs
  4 leopard geckos
  21 orcs
  5 giant cockroaches
  9 hobgoblins
  6 jackals
  2 ball pythons
  10 bats
  9 frilled lizards
  14 goblins
  A jackal skeleton (D:6)
  9 kobolds
  A leopard gecko skeleton (D:4)
  A quokka skeleton (D:4)
  10 rats
163 creatures vanquished.

Vanquished Creatures (others)
  Prince Ribbit (D:5)
  3 slaves (D:5)
  A bullfrog zombie (D:5)
  A worker ant (D:5)
  An orc (D:5)
7 creatures vanquished.

Grand Total: 170 creatures vanquished
